 Dungeon Crawl Stone Soup version 0.31-a0-521-gc7390f8997 (webtiles) character file.

Game seed: 8988491695292131053

28 javelincjr the Trooper (level 2, -6/24 HPs)
             Began as a Demonspawn Monk on Aug 10, 2023.
             Mangled by Terence
             ... wielding a +1 falchion of electrocution
              (9 damage)
             ... on level 2 of the Dungeon.
             The game lasted 00:01:53 (779 turns).

javelincjr the Trooper (Demonspawn Monk)             Turns: 779, Time: 00:01:54

Health: -6/24      AC:  2    Str: 11    XL:     2   Next: 96%
Magic:  2/2        EV: 13    Int: 11    God:
Gold:   49         SH:  0    Dex: 15    Spells: 1/1 levels left

rFire   . . .        a - +0 spear
rCold   . . .        d - orb {light}
rNeg    . . .        b - +0 robe
rPois   .            (no helmet)
rElec   .            (no cloak)
rCorr   .            (no gloves)
SInv    .            (no boots)
Will    .....        (no amulet)
Stlth   +            (no ring)
HPRegen 0.24/turn    (no ring)
MPRegen 0.08/turn

%: no passive effects
@: glowing
A: hooves 1
a: no special abilities


You were on level 2 of the Dungeon.
You visited 1 branch of the dungeon, and saw 2 of its levels.

You collected 49 gold pieces.

Inventory:

Hand Weapons
 a - a +0 spear (weapon)
Missiles
 j - 2 poisoned darts
Armour
 b - a +0 robe (worn)
 d - an orb of light (worn)
 e - a +0 chain mail
 h - a +0 ring mail
Scrolls
 i - a scroll of revelation {unknown}
Potions
 c - a potion of ambrosia
 f - a potion of enlightenment {unknown}
 g - 2 potions of mutation {unknown}
 k - a potion of degeneration {unknown}


   Skills:
 + Level 3.4 Fighting
 + Level 3.1 Polearms
 + Level 3.1 Dodging


You had one spell level left.
You didn't know any spells.
Your spell library contained the following spells:

 Spells                   Type           Power      Damage    Failure   Level
 Gell's Gravitas          Tloc           0%         N/A       71%         3
 Teleport Other           Tloc           0%         N/A       71%         3
 Dispersal                Tloc           0%         N/A       100%        6


Dungeon Overview and Level Annotations

Branches:
Dungeon (2/15)

Altars:

Annotations:
D:2 Terence


Innate Abilities, Weirdness & Mutations

You have large cloven feet.


Message History

Found a stone staircase leading up.
There is a stone staircase leading up here.
You closely miss the frilled lizard. You kick the frilled lizard.
The frilled lizard is heavily wounded.
The frilled lizard closely misses you.
You hit the frilled lizard.
You kill the frilled lizard!
You hit Terence. Your kick misses Terence.
Terence is moderately wounded.
Terence hits you with a +1 falchion of electrocution.
You hit Terence but do no damage.
Terence is moderately wounded.
Terence misses you.
You hit Terence but do no damage. Your kick misses Terence.
Terence is moderately wounded.
Terence closely misses you.
You barely miss Terence.
Terence is moderately wounded.
Terence hits you with a +1 falchion of electrocution.
You hit Terence. You kick Terence, but do no damage.
Terence is moderately wounded.
Terence barely misses you.
You hit Terence but do no damage. You kick Terence.
Terence is moderately wounded.
Terence hits you with a +1 falchion of electrocution!
* * * LOW HITPOINT WARNING * * *
You are too injured to fight recklessly!
You are too injured to fight recklessly!
You are too injured to fight recklessly!
You hit Terence but do no damage.
Terence is moderately wounded.
Terence barely misses you.
You hit Terence. Your kick misses Terence.
Terence is heavily wounded.
Terence hits you with a +1 falchion of electrocution.
* * * LOW HITPOINT WARNING * * *
You hit Terence but do no damage. You kick Terence.
Terence is severely wounded.
Terence hits you with a +1 falchion of electrocution!
You die...

#. .# #. .# #.#
.# # #..#.#.#
....#.# #
##.###.....#..#
...............
#..@@†......
#........<...#
###...!.......
#.....#.####
###.###!# #. #
#. ..


You could see Terence.

Vanquished Creatures
  A dart slug (D:1)
  4 ball pythons (D:1)
  An endoplasm (D:1)
  3 goblins (D:1)
  A hobgoblin (D:1)
  2 bats (D:1)
  4 frilled lizards
  5 kobolds (D:1)
  6 rats (D:1)
27 creatures vanquished.

Notes
Turn   | Place    | Note
-------+----------+-------------------------------------------
     0 | D:1      | javelincjr the Demonspawn Monk began the quest for the Orb.
     0 | D:1      | Reached XP level 1. HP: 18/18 MP: 1/1
   143 | D:1      | Gained mutation: You have large cloven feet. [demonic
                  | ancestry]
   143 | D:1      | Reached XP level 2. HP: 24/24 MP: 2/2
   768 | D:2      | Noticed Terence
   779 | D:2      | Mangled by Terence

Illustrated notes

Levels and vault maps discovered:
D:1:      saegor_arrival_under_anarchy, layout_basic
D:2:      layout_loops_ring, uniq_terence, uniq_crazy_yiuf_cottage

Skill      XL: |  1  2 |
---------------+-------+-----
Dodging        | 3 |  3.1
Polearms       | 3 |  3.1
Fighting       | |  3.4

Action                     || total
---------------------------++-------
  Melee: Spear             ||    73
         Kick              ||    12
 Armour: Robe              ||     8
  Dodge: Dodged            ||    19

Table legend: (Time is in decaauts)
 A = Elapsed time spent in this place.
 B = Non-inter-level travel time spent in this place.
 C = Inter-level travel time spent in this place.
 D = Time resting spent in this place.
 E = Time spent auto-exploring this place.
 F = Levels seen in this place.
 G = Mean time per level.
                   A        B        C        D        E       F      G
               +--------+--------+--------+--------+--------+-----+--------+
         Total |    776 |    776 |      0 |      0 |    621 |   2 |  388.0 |
       Dungeon |    776 |    776 |      0 |      0 |    621 |   2 |  388.0 |
               +--------+--------+--------+--------+--------+-----+--------+

Top non-repeatable levels by time:
     D:1: 766 daAuts
     D:2: 10 daAuts
